[Event "Titled Tuesday Blitz April 18 Early 2023"]
[White "O`Gorman, Tom"]
[Black "Indjic, Aleksandar"]
[WhiteFideId "2508249"]
[BlackFideId "911925"]
[WhiteElo "2271"]
[BlackElo "2614"]
[Result "1-0"]
[Round "06"]
[TimeControl "180+2"]
[Date "2023.04.18"]
[WhiteClock "0:00:33"]
[BlackClock "0:00:19"]

1. e4 c5 2. Nf3 e6 3. d4 cxd4 4. Nxd4 a6 5. a3 b5 6. c4 b4 7. axb4 Bxb4+ 8. Bd2 Bxd2+ 9. Qxd2 Bb7 10. Nc3 Nc6 11. Be2 Nf6 12. O-O O-O 13. Rfd1 Qc7 14. Nf3 Rfd8 15. h3 d6 16. Rab1 Nb4 17. Qe3 Nd7 18. Rd2 Nc5 19. Nd4 Qe7 20. Nc2 a5 21. Nd4 a4 22. Rbd1 Ba6 23. Ndb5 Bxb5 24. Nxb5 Nb7 25. Qa3 Na6 26. e5 Nbc5 27. exd6 Qd7 28. Bf3 Rab8 29. Qc3 Rdc8 30. Qa5 h6 31. Nc7 Nxc7 32. dxc7 Qxc7 33. Rd8+ Qxd8 34. Rxd8+ Rxd8 35. Qxc5 Rxb2 36. Qa3 Rdd2 37. Qxa4 Rxf2 38. Qe8+ Kh7 39. Qxf7 1-0


[Site "https://www.chess.com"]

[Event "Titled Tuesday Blitz April 18 Early 2023"]
[White "Harshad S"]
[Black "Kukhmazov, Arsen"]
[WhiteFideId "46616551"]
[BlackFideId "24108260"]
[WhiteElo "2163"]
[BlackElo "2396"]
[Result "0-1"]
[Round "06"]
[TimeControl "180+2"]
[Date "2023.04.18"]
[WhiteClock "0:00:02"]
[BlackClock "0:00:21"]

1. e4 e5 2. Nf3 Nc6 3. Bb5 a6 4. Ba4 Nf6 5. d3 Bc5 6. c3 b5 7. Bb3 d6 8. O-O O-O 9. h3 h6 10. a4 Bb7 11. Nbd2 Ne7 12. d4 exd4 13. cxd4 Bb6 14. Re1 c5 15. d5 c4 16. Bc2 Ng6 17. Nf1 b4 18. Be3 a5 19. Bd4 Rc8 20. Ne3 Re8 21. Nf5 Ne5 22. Nxe5 dxe5 23. Be3 Bxe3 24. Rxe3 Kh7 25. Rc1 g6 26. Ng3 Qb6 27. Qf3 Kg7 28. Rd1 Rcd8 29. Qe2 Ba6 30. Qf3 b3 31. Bb1 Qb4 32. Ne2 Qxa4 33. Qg3 Qb4 34. f4 Qe7 35. Rf1 Nh5 36. Qf3 Nxf4 37. Nxf4 exf4 38. Qxf4 c3 39. Bd3 Bxd3 40. Rxd3 cxb2 41. Rxb3 Rb8 42. Rxb8 Qa7+ 43. Kh1 Rxb8 44. Qf6+ Kg8 45. Rb1 Qb6 46. d6 a4 47. Rf1 Qb7 48. e5 b1=Q 49. Rxb1 Qxb1+ 50. Kh2 Qf5 51. Qe7 Qe6 52. Qc7 Qxe5+ 0-1


[Site "https://www.chess.com"]

[Event "Titled Tuesday Blitz April 18 Early 2023"]
[White "Beerdsen, Thomas"]
[Black "Horobetz, Graham"]
[WhiteFideId "1030108"]
[BlackFideId "2047322"]
[WhiteElo "2547"]
[BlackElo "2623"]
[Result "1-0"]
[Round "06"]
[TimeControl "180+2"]
[Date "2023.04.18"]
[WhiteClock "0:03:01"]
[BlackClock "0:01:56"]

1. e4 c5 2. Nf3 d6 3. d4 cxd4 4. Nxd4 Nf6 5. Nc3 a6 6. a3 e5 7. Nf5 d5 8. Bg5 d4 9. Bxf6 Qxf6 10. Nd5 Qc6 11. c4 Nd7 12. Bd3 g6 13. Ng3 Bg7 14. O-O O-O 15. Ne7+ 1-0


[Site "https://www.chess.com"]

[Event "Titled Tuesday Blitz April 18 Early 2023"]
[White "Kushko, Dmitriy"]
[Black "Janaszak, Dawid"]
[WhiteFideId "14162261"]
[BlackFideId "1119206"]
[WhiteElo "2230"]
[BlackElo "2220"]
[Result "1-0"]
[Round "06"]
[TimeControl "180+2"]
[Date "2023.04.18"]
[WhiteClock "0:01:20"]
[BlackClock "0:00:51"]

1. f4 c5 2. Nf3 Nc6 3. g3 g6 4. Bg2 Bg7 5. O-O Nf6 6. d3 d5 7. Qe1 d4 8. Na3 O-O 9. c4 Qc7 10. Nc2 e5 11. fxe5 Ng4 12. b4 cxb4 13. Nxb4 Ngxe5 14. Nd5 Qd8 15. Nxe5 Nxe5 16. Qf2 Ng4 17. Qf3 Ne5 18. Qf4 Be6 19. Nf6+ Bxf6 20. Qxf6 Qxf6 21. Rxf6 Ng4 22. Rf4 Ne3 23. Bxe3 dxe3 24. Re4 Rab8 25. Rxe3 b5 26. c5 Rfc8 27. d4 Bc4 28. a3 a5 29. Rc1 Rd8 30. d5 Bxd5 31. c6 Rbc8 32. c7 Rd7 33. Rd3 Be6 34. Rxd7 Bxd7 35. Bb7 b4 36. Bxc8 Bxc8 37. axb4 axb4 38. Rd1 1-0


[Site "https://www.chess.com"]

[Event "Titled Tuesday Blitz April 18 Early 2023"]
[White "Nagy, Gabor"]
[Black "Elgersma, Onno"]
[WhiteFideId "737119"]
[BlackFideId "1053531"]
[WhiteElo "2514"]
[BlackElo "2252"]
[Result "1-0"]
[Round "06"]
[TimeControl "180+2"]
[Date "2023.04.18"]
[WhiteClock "0:00:23"]
[BlackClock "0:00:05"]

1. d4 Nf6 2. Nc3 d5 3. Bf4 e6 4. Nb5 Na6 5. e3 Be7 6. h4 O-O 7. Nf3 c5 8. c3 Bd7 9. a4 Ne4 10. Bd3 f5 11. Ne5 Be8 12. h5 Nb8 13. f3 Nd6 14. dxc5 Nxb5 15. Bxb5 Bxc5 16. Bxe8 Qxe8 17. c4 dxc4 18. Rc1 Nc6 19. Rxc4 Rd8 20. Qe2 Nxe5 21. Bxe5 b6 22. h6 g6 23. O-O Rd5 24. Bg7 Rf7 25. b4 Bf8 26. Bxf8 Qxf8 27. e4 fxe4 28. Qxe4 Qxh6 29. Rc8+ Kg7 30. Qxe6 Qd2 31. Rf2 Qd1+ 32. Kh2 Qd4 33. Qe1 Re5 34. Qc3 Qh4+ 35. Kg1 Qf6 36. Rc6 Re1+ 37. Qxe1 Qxc6 38. b5 Qc5 39. Kh1 Re7 40. Qa1+ Qe5 41. Qxe5+ Rxe5 42. Rc2 Kf6 43. Rc7 Re7 44. Rc6+ Re6 45. Rc8 Re1+ 46. Kh2 Ra1 47. Rc6+ Kg5 48. Rc7 Rxa4 49. Rxh7 Rb4 50. Rxa7 Rxb5 51. Kg3 Rb1 52. Rb7 b5 53. f4+ Kf5 54. Rb6 b4 55. Rb5+ Kf6 56. Kg4 Rb2 57. g3 b3 58. Rb6+ Kf7 59. Kg5 Rc2 60. Rxb3 Rc5+ 61. Kg4 Kf6 62. Rb6+ Kf7 63. Kh4 Ra5 64. g4 Rc5 65. Rb7+ Kg8 66. Rd7 Ra5 67. Re7 Rb5 68. Re5 Rb6 69. Kg5 Kg7 70. Re7+ Kf8 71. Ra7 Rc6 72. Kh6 Rd6 73. g5 Rc6 74. Ra8+ Kf7 75. Kh7 Rc4 76. Ra7+ Kf8 77. Kxg6 Rxf4 78. Ra8+ Ke7 79. Rh8 Rf1 80. Kg7 Rf7+ 81. Kh6 Rf1 82. g6 Rh1+ 83. Kg7 Rf1 84. Ra8 Rg1 85. Ra2 Ke8 86. Re2+ Kd7 87. Kf7 Rf1+ 88. Kg8 Rg1 89. g7 Kd8 90. Re4 Kd7 91. Kf7 Rf1+ 92. Kg6 Rg1+ 93. Kf6 Rf1+ 94. Kg5 Kd6 95. g8=Q Rg1+ 96. Rg4 1-0


[Site "https://www.chess.com"]

[Event "Titled Tuesday Blitz April 18 Early 2023"]
[White "Csonka, Balazs"]
[Black "Eynullayev, Atilla"]
[WhiteFideId "742910"]
[BlackFideId "13413570"]
[WhiteElo "2404"]
[BlackElo "2181"]
[Result "1-0"]
[Round "06"]
[TimeControl "180+2"]
[Date "2023.04.18"]
[WhiteClock "0:00:05"]
[BlackClock "0:00:09"]

1. c4 e5 2. g3 c6 3. Nf3 e4 4. Nd4 d5 5. d3 dxc4 6. dxe4 Bb4+ 7. Nc3 Nf6 8. Bg2 O-O 9. O-O Re8 10. Bg5 h6 11. Bxf6 Qxf6 12. e3 Qg6 13. Qe2 b5 14. f4 Bg4 15. Qf2 Qh5 16. e5 Bh3 17. Ne4 Bxg2 18. Qxg2 f5 19. Nf2 Qg6 20. Rad1 Bc5 21. e4 Bxd4 22. Rxd4 Na6 23. Rd6 Qf7 24. exf5 Qxf5 25. Qxc6 Nb4 26. Qxb5 Rab8 27. Qxc4+ Kh7 28. a3 Nc2 29. Qd3 Qxd3 30. Nxd3 Rec8 31. Rf2 Ne3 32. Re2 Nf5 33. Rd7 h5 34. Rxa7 Rd8 35. Nf2 Rbc8 36. Ne4 Rc1+ 37. Kg2 Rdd1 38. Ng5+ Kh6 39. Ra6+ g6 40. e6 Kg7 41. e7 Rg1+ 42. Kh3 Nh6 43. Rxg6+ Kh8 44. Rxh6+ Kg7 45. Rh7+ Kf6 46. e8=Q Rxg3+ 47. hxg3 Rg1 48. Kh2 Rh1+ 49. Kg2 Kf5 50. Kxh1 Kg4 51. Qe6+ Kxg3 52. Qh3+ Kxf4 53. Ne4 h4 54. Rxh4+ Ke5 55. Qg3+ Kd4 56. Nc3+ Kc5 57. Re5+ Kc6 58. Rh6+ Kd7 59. b4 Kd8 60. a4 Kd7 61. a5 1-0


[Site "https://www.chess.com"]

[Event "Titled Tuesday Blitz April 18 Early 2023"]
[White "Aradhya, Garg"]
[Black "b_6"]
[WhiteFideId "25006746"]
[WhiteElo "2263"]
[BlackElo "2489"]
[Result "1-0"]
[Round "06"]
[TimeControl "180+2"]
[Date "2023.04.18"]
[WhiteClock "0:01:04"]
[BlackClock "0:00:14"]

1. d4 Nf6 2. c4 g6 3. g3 Bg7 4. Bg2 O-O 5. Nc3 Nc6 6. Bf4 d6 7. Nf3 Nh5 8. Be3 e5 9. O-O Bd7 10. Qd2 exd4 11. Nxd4 Nxd4 12. Bxd4 Bc6 13. Nd5 Nf6 14. Rac1 Re8 15. e3 Nd7 16. b4 b6 17. Bxg7 Kxg7 18. Qd4+ Kg8 19. h4 a5 20. a3 axb4 21. axb4 Ra7 22. h5 Bxd5 23. cxd5 Qf6 24. hxg6 hxg6 25. Qxf6 Nxf6 26. Rc4 Re5 27. Rfc1 Nxd5 28. f4 Nxe3 29. fxe5 Nxc4 30. Rxc4 dxe5 31. Rc6 Ra4 32. b5 Rb4 33. Bf1 Rb3 34. Kg2 f5 35. Rxg6+ Kf7 36. Rc6 Rb2+ 37. Kg1 f4 38. Rxc7+ Kf6 39. Rc6+ Kg5 40. gxf4+ exf4 41. Rxb6 f3 42. Rb8 Kf4 43. Rf8+ Kg3 44. Rg8+ Kf4 45. Rg7 Ke3 46. Re7+ Kf4 47. Re6 Kg3 48. Rg6+ Kf4 49. b6 Ke3 50. Re6+ Kf4 51. Ba6 Ra2 52. b7 Kg3 53. b8=Q+ 1-0


[Site "https://www.chess.com"]

[Event "Titled Tuesday Blitz April 18 Early 2023"]
[White "Samunenkov, Ihor"]
[Black "Arat, Ufuk Sezen"]
[WhiteFideId "14187086"]
[BlackFideId "6309089"]
[WhiteElo "2457"]
[BlackElo "2289"]
[Result "0-1"]
[Round "06"]
[TimeControl "180+2"]
[Date "2023.04.18"]
[WhiteClock "0:00:10"]
[BlackClock "0:00:45"]

1. e4 c5 2. Nf3 e6 3. d4 cxd4 4. Nxd4 Nc6 5. Nc3 Qc7 6. Qd3 a6 7. Nxc6 bxc6 8. Qg3 Qxg3 9. hxg3 d5 10. g4 Bb4 11. Bd2 Nf6 12. exd5 exd5 13. g5 Nd7 14. O-O-O a5 15. a3 Bd6 16. Bd3 Ne5 17. Rde1 Be6 18. Bxh7 Nc4 19. g6 Nxd2 20. Kxd2 Kf8 21. gxf7 Bf4+ 22. Kd1 Kxf7 23. Bd3 Rab8 24. b3 Bd6 25. Ne2 Bxa3 26. Nf4 Rxh1 27. Rxh1 Bd7 28. Rh7 Bb2 29. f3 Ra8 30. Kd2 a4 31. bxa4 Rxa4 32. Ne2 Be5 33. g3 Be6 34. f4 Bf6 35. f5 Bd7 36. Ke1 Kg8 37. Rh2 c5 38. Nf4 c4 39. Be2 Bxf5 40. Nxd5 Ra1+ 41. Kd2 c3+ 42. Nxc3 Bg5# 0-1


[Site "https://www.chess.com"]

[Event "Titled Tuesday Blitz April 18 Early 2023"]
[White "Eggink, Ryszard"]
[Black "Iliaguev, Nisim"]
[WhiteFideId "1125869"]
[BlackFideId "2817276"]
[WhiteElo "2283"]
[BlackElo "2241"]
[Result "0-1"]
[Round "06"]
[TimeControl "180+2"]
[Date "2023.04.18"]
[WhiteClock "0:00:04"]
[BlackClock "0:01:10"]

1. d4 Nf6 2. c4 e6 3. Nf3 Bb4+ 4. Bd2 Qe7 5. g3 O-O 6. Bg2 Bxd2+ 7. Qxd2 d6 8. O-O e5 9. Nc3 c6 10. dxe5 dxe5 11. Rad1 Bg4 12. Qd6 Qxd6 13. Rxd6 Nbd7 14. Rfd1 a5 15. h3 Bxf3 16. Bxf3 Nc5 17. g4 h6 18. h4 e4 19. Bg2 Nxg4 20. Nxe4 Nxe4 21. Bxe4 Rfe8 22. Bf3 Ne5 23. b3 a4 24. Kg2 axb3 25. axb3 g6 26. R1d4 Ra3 27. b4 Nxf3 28. exf3 Re5 29. Rd7 Rf5 30. f4 b5 31. c5 g5 32. hxg5 hxg5 33. R7d6 gxf4 34. Rxc6 Rg5+ 35. Kh2 f3 36. Kh3 Ra1 37. Kh2 Rg2+ 38. Kh3 Rh1# 0-1


[Site "https://www.chess.com"]

[Event "Titled Tuesday Blitz April 18 Early 2023"]
[White "Shevtchenko, Olesya"]
[Black "Svane, Rasmus"]
[WhiteFideId "24131890"]
[BlackFideId "4657101"]
[WhiteElo "2003"]
[BlackElo "2597"]
[Result "0-1"]
[Round "06"]
[TimeControl "180+2"]
[Date "2023.04.18"]
[WhiteClock "0:00:33"]
[BlackClock "0:02:00"]

1. e4 c6 2. Nc3 d5 3. Qf3 dxe4 4. Nxe4 Nf6 5. Bc4 Nbd7 6. Nxf6+ exf6 7. d4 Bd6 8. Ne2 O-O 9. Be3 Nb6 10. Bb3 a5 11. a4 Nd5 12. c3 Re8 13. Bxd5 cxd5 14. Qxd5 Rxe3 15. Kd2 Re8 16. Rae1 Qb6 17. Kc1 Be6 18. Qf3 Qb3 19. Nf4 Bxf4+ 20. Qxf4 Qxa4 21. h4 Bb3 22. Kd2 Qa2 23. Rb1 Bc4 24. Qf3 a4 25. Kc1 a3 26. bxa3 Re2 0-1


[Site "https://www.chess.com"]

[Event "Titled Tuesday Blitz April 18 Early 2023"]
[White "Ezat, Mohamed"]
[Black "Paravyan, David"]
[WhiteFideId "10600906"]
[BlackFideId "4194985"]
[WhiteElo "2386"]
[BlackElo "2563"]
[Result "0-1"]
[Round "06"]
[TimeControl "180+2"]
[Date "2023.04.18"]
[WhiteClock "0:00:57"]
[BlackClock "0:02:33"]

1. d4 Nf6 2. c4 g6 3. Nc3 d5 4. Bg5 Bg7 5. Bxf6 Bxf6 6. cxd5 c6 7. e3 cxd5 8. h4 h5 9. Qb3 e6 10. g3 Kf8 11. Nf3 Kg7 12. Bd3 Nc6 13. a3 b6 14. O-O Bb7 15. Rac1 Qe7 16. Qc2 Rac8 17. Qe2 Rhd8 18. Ba6 Na5 19. Bxb7 Qxb7 20. Na2 Nc4 21. Nb4 Rc7 22. Nd3 Rdc8 23. Rc3 Nd6 24. Rxc7 Rxc7 25. Rc1 Rxc1+ 26. Nxc1 Qc6 27. Nd3 Qc4 28. Qd1 Ne4 29. Nfe5 Qc7 30. Kg2 Be7 31. Qa4 Bd6 32. Qd7 Qxd7 33. Nxd7 f6 34. b4 Kf7 35. a4 Ke7 36. a5 Kxd7 37. axb6 axb6 38. f3 Nxg3 0-1


[Site "https://www.chess.com"]

[Event "Titled Tuesday Blitz April 18 Early 2023"]
[White "Zhigalko_Sergei"]
[Black "Vlassov, Nikolai"]
[BlackFideId "4103360"]
[WhiteElo "2912"]
[BlackElo "2324"]
[Result "1-0"]
[Round "06"]
[TimeControl "180+2"]
[Date "2023.04.18"]
[WhiteClock "0:00:36"]
[BlackClock "0:01:18"]

1. e4 c5 2. Nf3 d6 3. Bb5+ Nc6 4. O-O Bg4 5. h3 Bxf3 6. Qxf3 e6 7. Bxc6+ bxc6 8. e5 d5 9. Re1 Ne7 10. d3 Ng6 11. Nd2 Be7 12. Qh5 a5 13. a4 Ra7 14. Nf3 Qb8 15. b3 c4 16. bxc4 dxc4 17. dxc4 Qb4 18. Be3 Rb7 19. Qg4 h5 20. Qe4 O-O 21. c3 Qb3 22. Rab1 1-0


[Site "https://www.chess.com"]

[Event "Titled Tuesday Blitz April 18 Early 2023"]
[White "Ibadov, Dashgyn"]
[Black "Grigoriants, Sergey"]
[WhiteFideId "24107514"]
[BlackFideId "4130804"]
[WhiteElo "2208"]
[BlackElo "2502"]
[Result "1-0"]
[Round "06"]
[TimeControl "180+2"]
[Date "2023.04.18"]
[WhiteClock "0:00:03"]
[BlackClock "0:00:01"]

1. e4 c5 2. Nf3 Nc6 3. Bb5 e6 4. O-O Nge7 5. d4 cxd4 6. Nxd4 Ng6 7. Be2 Be7 8. c4 O-O 9. Nc3 Qc7 10. Be3 b6 11. Qd2 Bb7 12. Rad1 Nxd4 13. Qxd4 Bc6 14. b3 f5 15. exf5 Rxf5 16. Bd3 Bf6 17. Qg4 Bxc3 18. Bxf5 exf5 19. Qxf5 Rf8 20. Qg4 Be5 21. h3 Nf4 22. f3 Rf6 23. Bxf4 Rxf4 24. Qg5 Bf6 25. Qh5 g6 26. Qh6 Rh4 27. Qe3 Qe5 28. Qd3 Qc5+ 29. Kh1 Rd4 30. Qe2 Qe5 31. Qf2 a5 32. Rde1 Qf4 33. Re8+ Kf7 34. Rfe1 Rd2 35. Qxb6 Qg3 36. R8e2 Rd3 37. Re3 Bd4 38. Rxd3 1-0


[Site "https://www.chess.com"]

[Event "Titled Tuesday Blitz April 18 Early 2023"]
[White "Pajeken, Jakob Leon"]
[Black "Bacrot, Etienne"]
[WhiteFideId "12942839"]
[BlackFideId "605506"]
[WhiteElo "2414"]
[BlackElo "2663"]
[Result "1-0"]
[Round "06"]
[TimeControl "180+2"]
[Date "2023.04.18"]
[WhiteClock "0:01:58"]
[BlackClock "0:00:50"]

1. d4 Nf6 2. Nf3 c5 3. d5 b5 4. Bg5 Qb6 5. a4 b4 6. a5 Qd6 7. Bxf6 Qxf6 8. Ra2 d6 9. Nbd2 g6 10. e4 Bg7 11. Bc4 O-O 12. h3 Nd7 13. O-O Ne5 14. Nxe5 Qxe5 15. Qe2 Bd7 16. Rd1 f5 17. Re1 fxe4 18. Qxe4 Qxe4 19. Nxe4 Rf4 20. g3 Rf3 21. Ng5 Rf5 22. Rxe7 Rxg5 23. Rxd7 Rf8 24. c3 Re5 25. cxb4 cxb4 26. b3 Re1+ 27. Kg2 Be5 28. Rxa7 1-0


[Site "https://www.chess.com"]

[Event "Titled Tuesday Blitz April 18 Early 2023"]
[White "Costachi, Mihnea"]
[Black "Moksh Amit Doshi"]
[WhiteFideId "1217518"]
[BlackFideId "25064967"]
[WhiteElo "2456"]
[BlackElo "2297"]
[Result "1-0"]
[Round "06"]
[TimeControl "180+2"]
[Date "2023.04.18"]
[WhiteClock "0:01:01"]
[BlackClock "0:00:36"]

1. Nc3 e5 2. e4 Nf6 3. Bc4 Nc6 4. d3 Bc5 5. f4 d6 6. Nf3 O-O 7. Na4 Bg4 8. Nxc5 dxc5 9. O-O Nd4 10. fxe5 Nd7 11. Bf4 Qe7 12. Kh1 Nxe5 13. Bxe5 Bxf3 14. gxf3 Qxe5 15. f4 Qd6 16. c3 Ne6 17. f5 Ng5 18. Qg4 h6 19. f6 b5 20. h4 bxc4 21. hxg5 cxd3 22. fxg7 Rfe8 23. Rf6 Qe5 24. Raf1 d2 25. gxh6 Qxe4+ 26. Qxe4 Rxe4 27. Rxf7 Re1 28. Rf8+ Kh7 29. g8=Q+ Kxh6 30. Rf6+ 1-0


[Site "https://www.chess.com"]

[Event "Titled Tuesday Blitz April 18 Early 2023"]
[White "Al-Tarboush, Ward"]
[Black "Bharath Subramaniyam H"]
[WhiteFideId "7601450"]
[BlackFideId "46634827"]
[WhiteElo "2265"]
[BlackElo "2395"]
[Result "0-1"]
[Round "06"]
[TimeControl "180+2"]
[Date "2023.04.18"]
[WhiteClock "0:00:24"]
[BlackClock "0:01:02"]

1. e4 c5 2. Nf3 Nf6 3. e5 Nd5 4. Nc3 Nxc3 5. dxc3 Nc6 6. Bc4 e6 7. O-O Qc7 8. Re1 b6 9. Bg5 Bb7 10. a4 h6 11. Bh4 g5 12. Bg3 O-O-O 13. Qe2 Be7 14. Ba6 h5 15. Bxb7+ Qxb7 16. h4 gxh4 17. Nxh4 Rdg8 18. Qf3 Rg4 19. Re4 Nd4 20. cxd4 Qxe4 21. Qxe4 Rxe4 22. Nf3 h4 23. Bh2 cxd4 24. Rd1 h3 25. Nxd4 Bc5 26. Nb5 Re2 27. Bg3 Bxf2+ 28. Bxf2 h2+ 29. Kh1 Rxf2 30. Nd6+ Kb8 31. Ne4 Rxc2 32. Nf6 Rxb2 33. Nxd7+ Kb7 34. Nf6 Ka6 35. Ne4 Ka5 36. Nc3 Rg8 37. Kxh2 Rbxg2+ 38. Kh1 R2g7 39. Rd2 Rh8+ 40. Rh2 Rxh2+ 41. Kxh2 Kb4 42. Nb5 Kxa4 43. Nxa7 b5 44. Nc8 b4 45. Nb6+ Kb5 46. Nc8 b3 47. Nd6+ Kb4 48. Ne8 Rh7+ 49. Kg3 b2 50. Nf6 Rh8 0-1


[Site "https://www.chess.com"]

[Event "Titled Tuesday Blitz April 18 Early 2023"]
[White "benny_aizenberg"]
[Black "Mekhitarian, Krikor Sevag"]
[BlackFideId "2107660"]
[WhiteElo "2559"]
[BlackElo "2604"]
[Result "1/2-1/2"]
[Round "06"]
[TimeControl "180+2"]
[Date "2023.04.18"]
[WhiteClock "0:00:05"]
[BlackClock "0:00:02"]

1. c4 c5 2. g3 Nc6 3. Bg2 g6 4. Nc3 Bg7 5. e3 e5 6. Nge2 d6 7. O-O h5 8. a3 h4 9. b4 Nh6 10. bxc5 dxc5 11. Ne4 Qe7 12. Bb2 Ng4 13. h3 Nh6 14. g4 f5 15. gxf5 Bxf5 16. N2c3 Rd8 17. Nd5 Qf7 18. Nxc5 O-O 19. Nb4 Kh7 20. Nxc6 bxc6 21. Qe2 Qe7 22. e4 Bc8 23. Nd3 Nf7 24. Nb4 Qd6 25. Rad1 Ng5 26. Kh2 Ne6 27. Qg4 Bf6 28. Nc2 Nf4 29. Qf3 Qe6 30. Ne3 Rd3 31. Rfe1 Rfd8 32. Bf1 Rxd2 33. Rxd2 Rxd2 34. Bc1 Rd8 35. Ng4 Bg7 36. Bxf4 exf4 37. Qxf4 Rf8 38. Qe3 Qe7 39. Be2 c5 40. f4 Bxg4 41. Bxg4 Rxf4 42. e5 Rxc4 43. Kg2 Qb7+ 44. Bf3 Qb2+ 45. Re2 Rc2 46. e6 Rxe2+ 47. Qxe2 Qxe2+ 48. Bxe2 Bf6 49. Kf3 Be7 50. Ke4 Kg7 51. Kd5 Kf6 52. Bc4 g5 53. Kc6 a5 54. Kd7 Bf8 55. Ke8 Bd6 56. Kd7 Be7 57. Ke8 Bd6 58. Kd7 Be7 59. a4 Bf8 60. Ke8 Be7 61. Kd7 Bf8 62. Bd5 Be7 63. Bc4 1/2-1/2


[Site "https://www.chess.com"]

[Event "Titled Tuesday Blitz April 18 Early 2023"]
[White "Shohat, Yotam"]
[Black "Ashraf, Artin"]
[WhiteFideId "2813955"]
[BlackFideId "22514805"]
[WhiteElo "2226"]
[BlackElo "2188"]
[Result "1/2-1/2"]
[Round "06"]
[TimeControl "180+2"]
[Date "2023.04.18"]
[WhiteClock "0:00:02"]
[BlackClock "0:00:03"]

1. e4 c5 2. Nf3 d6 3. d4 cxd4 4. Nxd4 Nf6 5. Nc3 a6 6. Be3 e6 7. a3 b5 8. g4 Bb7 9. Bg2 Qc7 10. g5 Nfd7 11. Qd2 Nb6 12. b3 N8d7 13. O-O-O Rc8 14. Ndxb5 axb5 15. Nxb5 Qc6 16. Na7 Qc3 17. Qxc3 Rxc3 18. Bd4 Rc7 19. Nb5 Rc6 20. Na7 Rc7 21. Nb5 Rc8 22. Bxb6 Nxb6 23. Nxd6+ Bxd6 24. Rxd6 Bc6 25. Rhd1 Ke7 26. f3 Rhd8 27. Rxd8 Rxd8 28. Rxd8 Kxd8 29. c4 e5 30. Kd2 Nd7 31. Kc3 Nf8 32. Bh3 Bd7 33. Bf1 Ne6 34. h4 Nd4 35. f4 Nf3 36. fxe5 Nxh4 37. Kd4 Nf3+ 38. Kd5 Nd2 39. Bd3 Nxb3 40. Kd6 Nd4 41. c5 Bb5 42. Bxb5 Nxb5+ 43. Kc6 Nxa3 44. Kd6 Nc4+ 45. Kd5 Ne3+ 46. Kd6 Nc4+ 47. Kd5 Na3 48. e6 Ke7 49. exf7 Kxf7 50. Kd6 Nb5+ 51. Kd7 Nd4 52. e5 Ne6 53. c6 g6 54. Kd6 Ng7 55. c7 Nf5+ 56. Kd7 Ne7 57. e6+ Kf8 58. Kd6 Nf5+ 59. Kd7 Ne7 60. Kd8 Nc6+ 61. Kd7 Ne7 1/2-1/2


[Site "https://www.chess.com"]

[Event "Titled Tuesday Blitz April 18 Early 2023"]
[White "Hambleton, Aman"]
[Black "Bruedigam, Martin"]
[WhiteFideId "2606577"]
[BlackFideId "24608033"]
[WhiteElo "2511"]
[BlackElo "2331"]
[Result "1-0"]
[Round "06"]
[TimeControl "180+2"]
[Date "2023.04.18"]
[WhiteClock "0:00:12"]
[BlackClock "0:00:08"]

1. d4 d5 2. Bf4 Nf6 3. e3 c5 4. c3 cxd4 5. exd4 Nc6 6. Bd3 Bg4 7. Qb3 Qc8 8. Nd2 e6 9. h3 Bh5 10. Ngf3 Bg6 11. Bxg6 hxg6 12. O-O Be7 13. Rfe1 O-O 14. a4 Bd8 15. h4 Bc7 16. Bxc7 Qxc7 17. g3 a6 18. Ne5 Nxe5 19. Rxe5 Rab8 20. a5 b6 21. axb6 Rxb6 22. Qc2 Rfb8 23. Ra2 Nd7 24. Re2 e5 25. dxe5 Nxe5 26. Kg2 Re6 27. Ra4 Qb7 28. Rb4 Qa8 29. Rxb8+ Qxb8 30. Nb3 Qb5 31. Nd4 Qd3 32. Qxd3 Nxd3 33. Nxe6 fxe6 1-0


[Site "https://www.chess.com"]

[Event "Titled Tuesday Blitz April 18 Early 2023"]
[White "chessfatbear"]
[Black "Sousa, Andre Ventura"]
[BlackFideId "1917617"]
[WhiteElo "2768"]
[BlackElo "2348"]
[Result "1/2-1/2"]
[Round "06"]
[TimeControl "180+2"]
[Date "2023.04.18"]
[WhiteClock "0:00:04"]
[BlackClock "0:00:26"]

1. e4 e5 2. Nf3 Nc6 3. Bb5 Nf6 4. d3 Bc5 5. Bxc6 dxc6 6. O-O Nd7 7. Be3 Bd6 8. Nbd2 f6 9. Nh4 Nf8 10. Qh5+ g6 11. Qh6 Be6 12. Nc4 Qd7 13. f4 Bxc4 14. dxc4 exf4 15. Bxf4 O-O-O 16. Bxd6 Qxd6 17. Nf3 Ne6 18. Qe3 Qc5 19. Qxc5 Nxc5 20. e5 f5 21. Ng5 Rd2 22. b4 Nd7 23. e6 Nf6 24. Rad1 Rxd1 25. Rxd1 Re8 26. Rd3 h6 27. Nf7 b6 28. e7 Rxe7 29. Rd8+ Kb7 30. Rf8 Ng4 31. g3 Re1+ 32. Kg2 Re2+ 33. Kg1 Ka6 34. Nd8 Rxc2 35. Ne6 Ne5 36. Rb8 Nf3+ 37. Kf1 Nxh2+ 38. Ke1 Nf3+ 39. Kf1 Nh2+ 40. Kg1 Nf3+ 41. Kf1 Nh2+ 1/2-1/2


[Site "https://www.chess.com"]

[Event "Titled Tuesday Blitz April 18 Early 2023"]
[White "Yuan, Qingyu"]
[Black "Krsnik Cohar, Ivan Vihor"]
[WhiteFideId "8609772"]
[BlackFideId "14520044"]
[WhiteElo "2359"]
[BlackElo "2414"]
[Result "1-0"]
[Round "06"]
[TimeControl "180+2"]
[Date "2023.04.18"]
[WhiteClock "0:02:02"]
[BlackClock "0:02:04"]

1. e4 c5 2. Nf3 g6 3. c3 Bg7 4. d4 cxd4 5. cxd4 d5 6. e5 Bg4 7. Bb5+ Nc6 8. O-O Nh6 9. Bxh6 Bxh6 10. h3 Bxf3 11. Qxf3 O-O 12. Bxc6 bxc6 13. Nc3 e6 14. Na4 f6 15. Qe2 fxe5 16. Qxe5 Qf6 17. Rae1 Bg7 18. Qxe6+ Qxe6 19. Rxe6 Bxd4 20. Rxc6 Rxf2 21. Rxf2 Rf8 22. Rc2 1-0


[Site "https://www.chess.com"]

[Event "Titled Tuesday Blitz April 18 Early 2023"]
[White "Harshavardhan G B"]
[Black "Tomaszewski, Kacper"]
[WhiteFideId "25059009"]
[BlackFideId "1127373"]
[WhiteElo "2323"]
[BlackElo "2211"]
[Result "1-0"]
[Round "06"]
[TimeControl "180+2"]
[Date "2023.04.18"]
[WhiteClock "0:00:22"]
[BlackClock "0:00:11"]

1. e4 c5 2. Nf3 e6 3. g3 Nc6 4. Bg2 Nf6 5. Nc3 d6 6. d4 cxd4 7. Nxd4 Bd7 8. O-O a6 9. Be3 Be7 10. f4 Qc7 11. Nb3 h5 12. h3 Rc8 13. Qe2 b5 14. Rae1 Kf8 15. Kh1 Kg8 16. a4 Nb4 17. axb5 axb5 18. Bg1 Nxc2 19. Qxc2 b4 20. e5 Ne8 21. Re3 d5 22. f5 Bg5 23. Rd3 bxc3 24. Rxc3 Qb8 25. fxe6 Bxe6 26. Rxc8 Qxc8 27. Qxc8 Bxc8 28. Bxd5 Bxh3 29. Rxf7 Kh7 30. Nc5 h4 31. Ne4 Bd8 32. Kh2 Bc8 33. Ra7 Nc7 34. Bc4 Kg6 35. Bb6 hxg3+ 36. Kxg3 Rh3+ 37. Kg2 Rh4 38. Bxc7 Bh3+ 39. Kg3 Rxe4 40. Bd3 1-0


[Site "https://www.chess.com"]

[Event "Titled Tuesday Blitz April 18 Early 2023"]
[White "Srihari L R"]
[Black "Horak, Martin"]
[WhiteFideId "46617116"]
[BlackFideId "367095"]
[WhiteElo "2334"]
[BlackElo "2091"]
[Result "1-0"]
[Round "06"]
[TimeControl "180+2"]
[Date "2023.04.18"]
[WhiteClock "0:01:14"]
[BlackClock "0:00:21"]

1. c4 Nf6 2. Nc3 g6 3. g3 Bg7 4. Bg2 O-O 5. Nf3 c5 6. O-O Nc6 7. d4 cxd4 8. Nxd4 d6 9. Nxc6 bxc6 10. Bxc6 Bh3 11. Bxa8 Qxa8 12. f3 Bxf1 13. Kxf1 Rc8 14. Qd3 Qc6 15. b3 d5 16. Nxd5 Nxd5 17. cxd5 Qd7 18. Rb1 Rc5 19. Kg2 Rxd5 20. Qc2 h5 21. h4 Be5 22. Be3 a5 23. Rc1 Qd6 24. Bf2 Rd2 25. Qc8+ Kg7 26. Rc2 Rd1 27. Qc5 Ra1 28. Qxd6 Bxd6 29. Bd4+ f6 30. Bxa1 1-0


[Site "https://www.chess.com"]